 Dungeon Crawl Stone Soup version 0.28-a0-21-gf74fda84f9 (webtiles) character file.

Game seed: 10876450375965567870

3255 pkoi the Grappler (level 7, -5/71 HPs)
             Began as a Troll Monk on July 26, 2021.
             Was a Believer of Ru.
             Slain by a two-headed ogre (21 damage)
             ... on level 7 of the Dungeon.
             The game lasted 00:06:53 (4560 turns).

pkoi the Grappler (Troll Monk)                      Turns: 4560, Time: 00:06:54

Health: -5/71      AC:  5    Str: 20 (22) XL:     7   Next: 67%
Magic:  6/6        EV: 11    Int:  6      God:    Ru [**....]
Gold:   331        SH:  0    Dex: 12      Spells: 6/6 levels left

rFire   . . .      SeeInvis .     - Unarmed
rCold   . . .      Faith    .   (no shield)
rNeg    + . .      Spirit   .   a - +0 robe
rPois   .          Reflect  .   (helmet restricted)
rElec   .          Harm     .   A - +0 cloak
rCorr   .          Rampage  .   (gloves unavailable)
Will    .....                   (boots unavailable)
Stlth   ++........              k - amulet of the acrobat
HPRegen 1.21/turn               s - ring of positive energy
MPRegen 0.10/turn               (no ring)

@: mighty
A: large, unfitting armour, claws 3, regeneration 1, shaggy fur 1, tough skin 1,
inexperienced 1
a: Renounce Religion


You were on level 7 of the Dungeon.
You worshipped Ru.
Ru was pleased with you.
You visited 2 branches of the dungeon, and saw 8 of its levels.

You collected 331 gold pieces.

Inventory:

Missiles
 r - a throwing net
 u - 23 poisoned darts (quivered)
Armour
 a - a +0 robe (worn)
 A - a +0 cloak (worn)
Jewellery
 k - an amulet of the acrobat (around neck)
 s - a ring of positive energy (left claw)
 B - a ring of magical power
Wands
 n - a wand of iceblast (9)
 v - a wand of flame (18)
Scrolls
 b - 2 scrolls of magic mapping {unknown}
 c - a scroll of fog {unknown}
 e - a scroll of immolation {unknown}
 f - 3 scrolls of amnesia {unknown}
 h - a scroll of enchant weapon
 j - a scroll of teleportation
 l - 3 scrolls of identify
 o - 3 scrolls of blinking
Potions
 d - 2 potions of curing
 g - a potion of flight {unknown}
 m - a potion of invisibility
 t - a potion of attraction {unknown}
 w - a potion of heal wounds {unknown}
 z - 2 potions of magic {unknown}
 D - a potion of mutation {unknown}


   Skills:
 + Level 4.7 Fighting
 + Level 4.2 Throwing
 + Level 4.7 Dodging
 - Level 1.0 Stealth
 * Level 11.1 Unarmed Combat


You had 6 spell levels left.
You didn't know any spells.
Your spell library contained the following spells:

 Spells                   Type           Power      Damage    Failure   Level
 Sting                    Tmut/Pois      0%         1d3       45%         1
 Poisonous Vapours        Pois/Air       0%         N/A       58%         2
 Olgreb's Toxic Radiance  Pois           0%         N/A       99%         4
 Summon Ice Beast         Ice/Summ       0%         N/A       99%         4
 Summon Mana Viper        Hex/Summ       0%         N/A       100%        5
 Monstrous Menagerie      Summ           0%         N/A       100%        7


Dungeon Overview and Level Annotations

Branches:
Dungeon (7/15)             Temple (1/1) D:5

Altars:
Ashenzari
Cheibriados
Dithmenos
Elyvilon
Fedhas
Gozag
Hepliaklqana
Kikubaaqudgha
Makhleb
Nemelex Xobeh
Okawaru
Qazlal
Ru
Sif Muna
Trog
Uskayaw
Vehumet
Xom
Yredelemnul
Zin
The Shining One

Shops:
D:4 *


Innate Abilities, Weirdness & Mutations

You are too large for most types of armour.
You have claws for hands.
Your natural rate of healing is unusually fast.
You are covered in fur. (AC +1)
You have tough skin. (AC +1)
You are somewhat inexperienced. (-2 XL)


Message History

The death knight is moderately wounded.
The death knight reflects your damage back at you!
You mangle the death knight!!
The death knight is heavily wounded.
The death knight reflects your damage back at you!
The death knight hits you with a +0 broad axe!
You mangle the death knight!!
The death knight is severely wounded.
The death knight reflects your damage back at you!
* * * LOW HITPOINT WARNING * * *
The death knight closely misses you.
You closely miss the death knight.
The death knight is severely wounded.
The death knight is stunned by your conviction and fails to attack.
You closely miss the death knight.
The death knight is severely wounded.
The death knight hits you with a +0 broad axe!
* * * LOW HITPOINT WARNING * * *
You claw the death knight!
The death knight is severely wounded.
The death knight reflects your damage back at you!
* * * LOW HITPOINT WARNING * * *
The death knight's dark mirror aura disappears.
Unknown command.
You mangle the death knight!!
You kill the death knight!
You feel your intelligence returning.
You feel your dexterity returning.
Your Throwing skill increases to level 4!
Your Unarmed Combat skill increases to level 11!
g - a fizzy purple potion You now have 331 gold pieces (gained 36).
Things that are here:
a +0 broad axe; a +0 chain mail; a human corpse A two-headed ogre comes into view.
It is wielding two +0 giant clubs.
The two-headed ogre shouts in stereo!
The bullfrog gives a loud, deep croak!
A bullfrog skeleton comes into view.
You scratch the two-headed ogre.
The two-headed ogre is lightly wounded.
The two-headed ogre hits you with a +0 giant club!!
You die...

. #.# #≈≈## .# . #.#
#≈≈≈######.#### # #)#
#≈≈≈≈#≈≈.≈Z.≈..
..##.#####≈≈≈.≈≈≈≈≈≈≈≈≈≈
.....)))).≈≈≈≈.≈≈≈≈≈≈≈≈.
.###..####(.≈≈≈≈≈≈≈≈≈≈≈≈
##..###.F≈≈≈≈≈≈≈≈≈≈≈≈
##.....≈...O..≈...≈≈
##..###.###@##.### #..#
#.# #)##.## #..# #.#
#.#.>.# .... ..# #.....#
.#.. ### ###...# p.#..
##### .. #..


You could see a two-headed ogre, a bullfrog and a bullfrog skeleton.

Vanquished Creatures
  A boulder beetle (D:7)
  A death knight (D:7)
  Pikel (D:7)
  Grinder (D:3)
  A wraith (D:7)
  Menkaure (D:7)
  An ice beast (D:6)
  An orc warrior (D:7)
  A black bear (D:6)
  A necrophage (D:6)
  2 phantoms
  3 lemures (D:7)
  2 kobold brigands
  2 bullfrogs (D:6)
  A wyvern zombie (D:7)
  A scorpion (D:6)
  A wyvern skeleton (D:7)
  2 wights (D:7)
  2 howler monkeys
  3 jellies
  2 hounds
  2 orc priests (D:4)
  Ijyb (D:3)
  3 iguanas
  An orc wizard (D:4)
  4 adders
  A shadow imp (D:7)
  4 white imps
  2 ufetubi
  4 dart slugs
  9 orcs
  4 ball pythons
  5 endoplasms
  A giant cockroach (D:4)
  10 goblins
  2 hobgoblins (D:1)
  3 jackals (D:3)
  A quokka (D:2)
  3 bats
  3 frilled lizards
  25 kobolds
  A rat (D:3)
120 creatures vanquished.

Vanquished Creatures (others)
  2 plants (D:6)
2 creatures vanquished.

Grand Total: 122 creatures vanquished

Notes
Turn   | Place    | Note
-------+----------+-------------------------------------------
     0 | D:1      | pkoi the Troll Monk began the quest for the Orb.
     0 | D:1      | Reached XP level 1. HP: 22/22 MP: 0/0
   182 | D:1      | Found a faded altar of an unknown god.
   198 | D:1      | Reached XP level 2. HP: 29/29 MP: 1/1
   596 | D:2      | Reached skill level 4 in Unarmed Combat
  1089 | D:2      | Reached XP level 3. HP: 36/36 MP: 2/2
  1465 | D:3      | Noticed Ijyb
  1482 | D:3      | Killed Ijyb
  1483 | D:3      | Reached XP level 4. HP: 26/44 MP: 0/3
  1488 | D:3      | Reached skill level 5 in Unarmed Combat
  1683 | D:3      | Found a basalt altar of Yredelemnul.
  1767 | D:3      | Noticed Grinder
  1773 | D:3      | Killed Grinder
  1774 | D:3      | Reached skill level 6 in Unarmed Combat
  1774 | D:3      | Reached XP level 5. HP: 50/50 MP: 4/4
  1774 | D:3      | Reached XP level 6. HP: 59/59 MP: 5/5
  1984 | D:4      | Reached skill level 7 in Unarmed Combat
  2274 | D:4      | Found Goghuib's CLEARANCE SALE! EVERYTHING MUST GO!.
  2319 | D:4      | Reached skill level 8 in Unarmed Combat
  2491 | D:4      | Reached XP level 7. HP: 66/66 MP: 6/6
  2589 | D:5      | Entered Level 5 of the Dungeon
  2815 | D:5      | Found a radiant altar of Vehumet.
  2816 | D:5      | Found a staircase to the Ecumenical Temple.
  3119 | Temple   | Entered the Ecumenical Temple
  3443 | Temple   | Became a worshipper of Ru the Awakened
  3444 | Temple   | Gained mutation: You are somewhat inexperienced. (-2 XL)
                  | [Ru sacrifice]
  3444 | Temple   | Reached XP level 6. HP: 59/59 MP: 5/5
  3444 | Temple   | Reached XP level 5. HP: 50/50 MP: 4/4
  3444 | Temple   | Reached * piety under Ru
  3444 | Temple   | Reached ** piety under Ru
  3666 | D:6      | Reached skill level 9 in Unarmed Combat
  3763 | D:6      | Reached skill level 1 in Throwing
  3866 | D:6      | Reached XP level 6. HP: 59/59 MP: 5/5
  4227 | D:6      | Found a snail-covered altar of Cheibriados.
  4315 | D:7      | Noticed Pikel
  4330 | D:7      | Killed Pikel
  4331 | D:7      | Reached skill level 10 in Unarmed Combat
  4441 | D:7      | Reached XP level 7. HP: 39/68 MP: 6/6
  4463 | D:7      | Noticed Menkaure
  4472 | D:7      | Noticed a boulder beetle
  4477 | D:7      | Killed Menkaure
  4483 | D:7      | Killed a boulder beetle
  4534 | D:7      | Noticed a death knight
  4556 | D:7      | Killed a death knight
  4557 | D:7      | Reached skill level 11 in Unarmed Combat
  4558 | D:7      | Noticed a two-headed ogre
  4560 | D:7      | Slain by a two-headed ogre

Illustrated notes

Levels and vault maps discovered:
D:1:      dpeg_arrival_tiny_h, layout_rooms,
          hellmonk_ecumenical_altar_pennies_from_heaven
D:2:      cheibrodos_old_hovel, layout_basic, kennysheep_generic_room_8
D:3:      kennysheep_goblin_castle, layout_rooms,
          mainiacjoe_overflow_small_starburst, uniq_grinder, uniq_ijyb
D:4:      layout_gridville, nicolae_shop_clearance
D:5:      layout_rooms, vehumet_altar_wand_db, minmay_temple_entry_mist,
          serial_glass, glass_columns_c, glass_columns_c, glass_columns_a,
          glass_columns_b, glass_columns_b, glass_columns_c, glass_columns_b,
          glass_columns_a, glass_columns_a, glass_columns_a,
          minmay_crystal_water
D:6:      layout_loops_ring, kennysheep_little_box, serial_bayou_pond_c
D:7:      minmay_the_grid_octo_tiled_octocenter [minmay_the_grid_octo_empty,
          minmay_the_grid_octo_empty, minmay_the_grid_octo_vomiting_pacman,
          minmay_the_grid_octo_focus, minmay_the_grid_octo_prize_star,
          minmay_the_grid_square_5x5_shrine1,
          minmay_the_grid_square_5x5_two_walls_b,
          minmay_the_grid_square_5x5_spiral,
          minmay_the_grid_square_5x5_moneybag], layout_loops_cross,
          chequers_serial_rivers_large_a, uniq_pikel, uniq_menkaure
Temple:   dpeg_five_rooms_temple

Skill      XL: |  1  2  3  4  5  6  7 |
---------------+----------------------+-----
Unarmed Combat | 4 6 9 10 11 | 11.1
Throwing       | 1 3 4 |  4.2
Dodging        | 3 4 |  4.7
Fighting       | 3 4 |  4.7
Stealth        | |  1.0

Action                   |  1- 3 |  4- 6 |  7- 9 || total
-------------------------+-------+-------+-------++-------
Melee: Unarmed           |    94 |   152 |    70 ||   316
       Punch             |     1 |     4 |     4 ||     9
Invok: Sacrifice Experie |       |     1 |       ||     1
  Use: Potion            |       |     2 |     2 ||     4
       Scroll            |       |     8 |     2 ||    10
 Stab: Sleeping          |     3 |     4 |       ||     7
Armor: Robe              |    30 |    20 |     9 ||    59
Dodge: Dodged            |    42 |    62 |    30 ||   134

Table legend: (Time is in decaauts)
 A = Elapsed time spent in this place.
 B = Non-inter-level travel time spent in this place.
 C = Inter-level travel time spent in this place.
 D = Time resting spent in this place.
 E = Time spent auto-exploring this place.
 F = Levels seen in this place.
 G = Mean time per level.
                   A        B        C        D        E       F      G
               +--------+--------+--------+--------+--------+-----+--------+
         Total |   4544 |   4284 |    260 |    215 |   3232 |   8 |  568.0 |
       Dungeon |   4166 |   4019 |    147 |    215 |   2974 |   7 |  595.1 |
        Temple |    377 |    265 |    112 |      0 |    258 |   1 |  377.0 |
               +--------+--------+--------+--------+--------+-----+--------+

Top non-repeatable levels by time:
     D:2: 797 daAuts
     D:6: 729 daAuts
     D:4: 654 daAuts
     D:5: 615 daAuts
     D:3: 592 daAuts
     D:1: 541 daAuts
  Temple: 377 daAuts
     D:7: 235 daAuts
